 Dungeon Crawl Stone Soup version 0.25.1-2-g60ff931df9 (webtiles) character file.

Game seed: 14775165440305536269

1353 lepoulpe303 the Changer (level 8, -9/35 (36) HPs)
             Began as a Spriggan Venom Mage on Aug 17, 2020.
             Was an Initiate of Ashenzari.
             Mangled by Menkaure (23 damage)
             ... on level 6 of the Dungeon.
             The game lasted 00:26:01 (9085 turns).

lepoulpe303 the Changer (Spriggan Venom Mage)       Turns: 9085, Time: 00:26:02

HP:   -9/35 (36)    AC:  3    Str:  4    XL:     8   Next: 36%
MP:   18/18         EV: 21    Int: 18    God:    Ashenzari [......]
Gold: 236           SH:  0    Dex: 17    Spells: 6/19 levels left

rFire    . . .     SeeInvis +   a - +0 rapier (venom) (curse)
rCold    . . .     Gourm    .   (shield restricted)
rNeg     . . .     Faith    .   d - +0 robe (curse)
rPois    .         Spirit   .   (helmet restricted)
rElec    .         Reflect  .   w - +0 cloak (curse)
rCorr    .         Harm     .   (gloves unavailable)
MR       +....                  (boots unavailable)
Stlth    +++.......             (no amulet)
HPRegen  0.11/turn              (no ring)
MPRegen  0.16/turn              (no ring)

@: about to teleport, very quick
A: very small, unfitting armour, see invisible, herbivore, speed 3, slow
metabolism 2
a: Curse Item, Renounce Religion


You were on level 6 of the Dungeon.
You worshipped Ashenzari.
Ashenzari was noncommittal.
You were not hungry.

You visited 2 branches of the dungeon, and saw 7 of its levels.

You collected 236 gold pieces.

Inventory:

Hand Weapons
 a - a cursed +0 rapier of venom (weapon)
 b - a +0 short sword
 h - a +0 dagger
Missiles
 c - 33 poisoned darts (quivered)
Armour
 d - a cursed +0 robe (worn)
 w - a cursed +0 cloak (worn)
Wands
 m - a wand of flame (13)
 r - a wand of enslavement (12)
 D - a wand of polymorph (7)
Scrolls
 i - 2 scrolls of identify
 j - 2 scrolls of fog {unknown}
 l - a scroll of remove curse
 n - a scroll of enchant armour {unknown}
 p - 2 scrolls of amnesia {unknown}
 t - 4 scrolls of teleportation
 x - a scroll of blinking {unknown}
 y - a scroll of enchant weapon {unknown}
 C - a scroll of random uselessness {unknown}
Potions
 f - a potion of might {unknown}
 g - a potion of berserk rage {unknown}
 k - a potion of cancellation {unknown}
 o - a potion of mutation {unknown}
 q - 5 potions of curing
 s - 2 potions of degeneration {unknown}
 u - 2 potions of heal wounds {unknown}
 v - 2 potions of lignification {!q}
 z - a potion of flight {unknown}
 A - a potion of haste {unknown}
 B - a potion of brilliance {unknown}
 E - a potion of magic {unknown}
Comestibles
 e - 13 rations


   Skills:
 + Level 3.3 Short Blades
 + Level 5.5 Dodging
 + Level 6.0 Stealth
 * Level 6.3 Spellcasting
 * Level 6.4 Transmutations
 * Level 5.7 Poison Magic


You had 6 spell levels left.
You knew the following spells:

 Your Spells              Type           Power        Failure   Level  Hunger
a - Sting                 Tmut/Pois      ####         1%          1    None
b - Poisonous Vapours     Pois/Air       ###...       5%          2    None
c - Ignite Poison         Fire/Tmut/Pois ###.....     7%          3    ##.....
d - Olgreb's Toxic Radia  Pois           ####....     11%         4    ####...
x - Mephitic Cloud        Conj/Pois/Air  ##......     16%         3    ##.....

Your spell library contained the following spells:

 Spells                   Type           Power        Failure   Level  Hunger


Dungeon Overview and Level Annotations

Branches:
Dungeon (6/15)             Temple (1/1) D:6

Altars:
Ashenzari
Cheibriados
Dithmenos
Elyvilon
Fedhas
Gozag
Hepliaklqana
Kikubaaqudgha
Makhleb
Nemelex Xobeh
Okawaru
Qazlal
Ru
Sif Muna
Trog
Uskayaw
Vehumet
Wu Jian
Xom
Yredelemnul
Zin
The Shining One

Annotations:
D:4 2 transporters, Grinder; stazo's ghost, novice DsFi
D:6 1 runed translucent door, Menkaure; SamuraiZach's ghost, novice OpMo


Innate Abilities, Weirdness & Mutations

You are very small and have problems with some larger weapons.
You are too small for most types of armour.
You have supernaturally acute eyesight. (SInv)
You are a herbivore.
You cover ground extremely quickly.
You need to consume almost no food.


Message History

You kill the bullfrog!
You start resting.
Menkaure is too close now for your liking.
That beam is likely to hit you.
Continue anyway?
Okay, then.
Okay, then.
As you read the scroll labeled QOPEEV RE GUS, it crumbles to dust.
You feel strangely unstable.
It was a scroll of teleportation.
t - 4 scrolls of teleportation;
m - a wand of flame (14) That's the wrong kind of item! (Use * to select it.)
The puff of flame hits Menkaure.
Menkaure is burned terribly!
You hit Menkaure. Menkaure barely misses you.
You barely miss Menkaure.
Menkaure points at you and mumbles some strange words.
Pain shoots through your body!
* * * LOW HITPOINT WARNING * * *
Menkaure hits you!!
Ouch! That really hurt!
You die...

..#...[......# #.#
.)..##.#####.# #.#
..#..#.# #.# .....#.#
#.# ..#....##### #.#
...........# #.#
#.#.#..###.# #.#
....#..####### ####
'M.......##..###@.##
######.#.#.#..#M.#.##
# #>#..#..#..#.._#
#.###..#..#..### #.#
##...#...# #..
######### ... ###


You could see Menkaure (fast).

Levels and vault maps discovered:
D:1:      minmay_arrival_nine_rooms, layout_loops_ring, hangedman_decor_points
D:2:      layout_basic, kennysheep_boxes
D:3:      layout_basic, overflow_temple_1_default, cheibriados_altar_1,
          gammafunk_temple_overflow_statue, chequers_ecumenical_altar_simple,
          serial_bayou_lagoon_a, uniq_crazy_yiuf_cottage
D:4:      layout_cave_pools, nicolae_overflow_hidden_temple,
          lemuel_doored_altar, first_ration, gammafunk_ghost_stat_death,
          uniq_grinder
D:5:      layout_basic, kennysheep_mini, vehumet_altar_wand_db,
          minmay_misc_feat_x, minivault_5
D:6:      layout_basic, marbit_many_paths, minmay_overflow_temple_star_quad,
          minmay_temple_entry_glass, gammafunk_ghost_grave, uniq_menkaure,
          uniq_blork_the_orc, uniq_duvessa
Temple:   compressed_dpeg_circular_temple

Notes
Turn   | Place    | Note
-------+----------+-------------------------------------------
     0 | D:1      | lepoulpe303 the Spriggan Venom Mage began the quest for the
                  | Orb.
     0 | D:1      | Reached XP level 1. HP: 9/9 MP: 5/5
   131 | D:1      | Identified a +0 club
   155 | D:1      | Reached XP level 2. HP: 7/13 MP: 3/6
   159 | D:1      | Learned a level 2 spell: Poisonous Vapours
   174 | D:1      | Reached skill level 3 in Spellcasting
   360 | D:1      | Identified a +0 dagger
   379 | D:1      | Reached skill level 2 in Transmutations
   439 | D:1      | Identified a +0 club
   671 | D:1      | Identified a +0 dagger
   675 | D:1      | Identified a +0 club
   681 | D:1      | Identified a +0 dagger
   694 | D:1      | HP: 3/13 [goblin (3)]
   999 | D:1      | Identified a +0 club
  1013 | D:1      | Identified a +0 club
  1018 | D:1      | Reached XP level 3. HP: 16/16 MP: 8/8
  1023 | D:1      | Learned a level 3 spell: Ignite Poison
  1057 | D:1      | Identified a +0 club
  1076 | D:1      | Identified a +0 club
  1269 | D:1      | Identified a +0 short sword
  1269 | D:1      | Identified a +0 club
  1624 | D:2      | Identified a +0 dagger
  2086 | D:2      | Identified a +0 dagger
  2143 | D:2      | Reached XP level 4. HP: 21/21 MP: 7/10
  2148 | D:2      | Learned a level 3 spell: Mephitic Cloud
  2155 | D:2      | Identified a +0 club
  2290 | D:2      | Identified a +0 dagger
  2358 | D:2      | Identified a +0 club
  2373 | D:2      | Reached skill level 3 in Transmutations
  2699 | D:2      | Identified a +0 hunting sling
  2959 | D:3      | Found a snail-covered altar of Cheibriados.
  2960 | D:3      | Identified a +0 flail
  2962 | D:3      | Reached skill level 1 in Short Blades
  2962 | D:3      | Identified a +0 mace
  2967 | D:3      | Identified a +0 dagger
  2967 | D:3      | Identified a +0 robe
  3148 | D:3      | Identified a cursed +0 hand axe
  3284 | D:3      | Reached XP level 5. HP: 24/24 MP: 7/11
  3423 | D:3      | Found a shadowy altar of Dithmenos.
  3500 | D:3      | Identified a +0 rapier of venom (You found it on level 3 of
                  | the Dungeon)
  3688 | D:3      | You fall into a shaft and drop 3 floors!
  3699 | D:6      | Found a staircase to the Ecumenical Temple.
  3700 | D:6      | Identified a +0 club
  3700 | D:6      | Identified a +0 club
  3700 | D:6      | Identified a +0 leather armour
  3701 | D:6      | Identified a +0 flail
  3701 | D:6      | Identified a +0 leather armour
  3703 | D:6      | Identified a +0 dagger
  3703 | D:6      | Identified a +0 leather armour
  3784 | Temple   | Entered the Ecumenical Temple
  3888 | D:6      | Identified a +0 battleaxe
  3888 | D:6      | Identified a +0 robe
  3888 | D:6      | Noticed Blork the orc
  3933 | D:6      | Reached skill level 4 in Stealth
  3933 | D:6      | Reached skill level 4 in Spellcasting
  3933 | D:6      | Reached skill level 4 in Poison Magic
  3982 | D:6      | Identified a +0 giant club
  3982 | D:6      | Noticed an ogre
  3999 | D:6      | Killed an ogre
  3999 | D:6      | Reached skill level 4 in Dodging
  3999 | D:6      | Reached skill level 4 in Transmutations
  3999 | D:6      | Reached XP level 6. HP: 21/28 MP: 7/13
  4005 | D:6      | Learned a level 4 spell: Olgreb's Toxic Radiance
  4093 | D:5      | Entered Level 5 of the Dungeon
  4171 | D:5      | Identified a +0 club
  4171 | D:5      | Identified a +0 dagger
  4175 | D:5      | Identified a +0 flail
  4175 | D:5      | Identified a +0 ring mail
  4180 | D:5      | Identified a +0 trident
  4180 | D:5      | Identified a +0 leather armour
  4183 | D:5      | Identified a +0 leather armour
  4444 | D:5      | Identified a +0 dagger
  4444 | D:5      | Identified a +0 robe
  4445 | D:5      | Identified a +0 flail
  4458 | D:5      | HP: 7/28 [orc wizard/puff of flame (9)]
  4473 | D:5      | Reached skill level 2 in Short Blades
  4754 | D:5      | Found a radiant altar of Vehumet.
  5038 | D:4      | Found a hazy altar of Hepliaklqana.
  5120 | D:4      | Noticed Grinder
  5148 | D:3      | Identified a +0 whip
  5298 | D:3      | Found a faded altar of an unknown god.
  5303 | D:3      | Identified a +1 dagger of draining
  5361 | D:3      | Found a runed translucent door.
  5362 | D:3      | Identified a +3 quarterstaff of chaos
  5362 | D:3      | Identified a cursed +0 cloak
  5362 | D:3      | Noticed Crazy Yiuf
  5463 | D:3      | Found a hide-covered altar of Uskayaw.
  5464 | D:3      | Found a burning altar of Makhleb.
  5631 | D:3      | Killed Crazy Yiuf
  5706 | D:4      | Reached XP level 7. HP: 26/32 MP: 15/15
  5893 | D:4      | Found a transporter.
  5914 | D:4      | Found a transporter.
  5918 | D:4      | Noticed stazo's ghost (novice DsFi)
  5935 | D:4      | Got a twitching gossamer ring
  5937 | D:4      | Identified 5 scrolls of identify
  5937 | D:4      | Identified the ring of Lybiweso {SInv Stlth-} (You found it
                  | on level 4 of the Dungeon)
  5939 | D:4      | Identified 3 potions of curing
  5940 | D:4      | Identified 2 potions of lignification
  5948 | D:4      | Found a bloodstained altar of Trog.
  5974 | D:4      | Identified a +0 halberd
  5974 | D:4      | Reached skill level 5 in Spellcasting
  5974 | D:4      | Reached skill level 5 in Transmutations
  5983 | D:4      | Identified a +0 halberd
  5983 | D:4      | Identified a +0 robe
  6017 | D:4      | Reached skill level 5 in Stealth
  6150 | D:4      | HP: 7/32 [gnoll (2)]
  6205 | D:4      | Reached skill level 5 in Poison Magic
  6947 | D:5      | Found a white marble altar of Elyvilon.
  7422 | D:6      | Noticed Menkaure
  7951 | D:6      | Found a runed translucent door.
  7951 | D:6      | Noticed SamuraiZach's ghost (novice OpMo)
  7954 | D:6      | Identified a +0 short sword
  7954 | D:6      | Identified a +0 ring mail
  7954 | D:6      | Noticed Duvessa
  7955 | D:6      | Identified a +0 dagger
  7955 | D:6      | Identified a +0 robe
  7955 | D:6      | Noticed Dowan
  8003 | D:6      | Killed Duvessa
  8003 | D:6      | Reached skill level 5 in Dodging
  8108 | D:6      | Killed Dowan
  8256 | D:6      | Reached skill level 3 in Short Blades
  8256 | D:6      | Reached XP level 8. HP: 36/36 MP: 17/17
  8261 | D:6      | Reached skill level 6 in Transmutations
  8577 | D:6      | Killed Blork the orc
  8577 | D:6      | Reached skill level 6 in Spellcasting
  8847 | D:6      | Identified a +0 flail
  8905 | D:6      | Found a basalt altar of Yredelemnul.
  8911 | D:6      | Found a shattered altar of Ashenzari.
  8914 | D:6      | Found a glowing golden altar of the Shining One.
  8923 | D:6      | Became a worshipper of Ashenzari the Shackled
  8988 | D:6      | Reached skill level 6 in Stealth
  9071 | D:6      | Found a sparkling altar of Nemelex Xobeh.
  9082 | D:6      | Identified 5 scrolls of teleportation
  9085 | D:6      | Mangled by Menkaure

Table legend:
 A = Turns spent in this place as a percentage of turns spent in the entire game.
 B = Non-inter-level travel turns spent in this place as a percentage of non-inter-level travel turns spent in the entire game.
 C = Inter-level travel turns spent in this place as a percentage of turns spent in this place.
 D = Turns resting spent in this place as a percentage of non-inter-level travel turns spent in this place.
 E = Turns spent auto-exploring this place as a percentage of non-inter-level travel turns spent in this place.
 F = Non-inter-level travel turns spent in this place divided by the number of levels of this place that you've seen.
                   A       B       C       D       E      F
               +-------+-------+-------+-------+-------+----------------------
         Total | 100.0 | 100.0 |   2.5 |  36.1 |  36.5 | 1265.1
       Dungeon |  99.0 |  99.1 |   2.4 |  36.5 |  36.0 | 1462.3
        Temple |   1.0 |   0.9 |  10.9 |   0.0 |  96.3 |  82.0
               +-------+-------+-------+-------+-------+----------------------

Table legend:
 A = Kills in this place as a percentage of kills in entire the game.
 B = Kills by you in this place as a percentage of kills by you in the entire game.
 C = Kills by friends in this place as a percentage of kills by friends in the entire game.
 D = Other kills in this place as a percentage of other kills in the entire game.
 E = Experience gained in this place as a percentage of experience gained in the entire game.
 F = Experience gained in this place divided by the number of levels of this place that you have seen.
                   A       B       C       D       E      F
               +-------+-------+-------+-------+-------+----------------------
         Total | 100.0 | 100.0 |   N/A |   N/A | 100.0 | 276.1
       Dungeon | 100.0 | 100.0 |   N/A |   N/A | 100.0 | 322.2
               +-------+-------+-------+-------+-------+----------------------

Skill      XL: |  1  2  3  4  5  6  7  8 |
---------------+-------------------------+-----
Spellcasting   | 3 4 5 6 |  6.3
Transmutations | 2 3 4 5 6 |  6.4
Short Blades   | 1 2 3 |  3.3
Stealth        | 4 5 6 |  6.0
Poison Magic   | 4 5 |  5.7
Dodging        | 4 5 |  5.5

Action                   |  1- 3 |  4- 6 |  7- 9 || total
-------------------------+-------+-------+-------++-------
Melee: Dagger            |   110 |    68 |       ||   178
       Rapier            |       |    90 |   151 ||   241
Throw: Dart              |       |     1 |       ||     1
 Cast: Sting             |    37 |    36 |     3 ||    76
       Poisonous Vapours |       |    17 |    19 ||    36
Invok: Curse Item        |       |       |     2 ||     2
Evoke: Wand              |       |       |     1 ||     1
  Use: Scroll            |       |       |     4 ||     4
 Stab: Sleeping          |     4 |     4 |     5 ||    13
       Distracted        |       |     1 |     1 ||     2
  Eat: Ration            |       |     2 |     1 ||     3
Armor: Robe              |     6 |    17 |    11 ||    34
Dodge: Dodged            |   102 |   209 |   123 ||   434

Vanquished Creatures
  Duvessa (D:6)
  A necrophage (D:6)
  An ogre (D:6)
  Blork the orc (D:6)
  3 bullfrogs (D:6)
  Dowan (D:6)
  3 scorpions (D:4)
  4 crimson imps
  2 hounds
  An orc priest (D:3)
  Crazy Yiuf (D:3)
  2 orc wizards
  2 iguanas
  A hound zombie (D:5)
  A hound skeleton (D:4)
  3 gnolls (D:4)
  6 adders
  An adder zombie (D:6)
  2 worms (D:2)
  3 dart slugs
  3 leopard geckos
  18 orcs
  A ball python (D:3)
  2 giant cockroaches
  7 hobgoblins
  14 jackals
  2 quokkas
  7 bats
  7 frilled lizards
  14 goblins
  A jackal skeleton (D:6)
  8 kobolds
  A leopard gecko skeleton (D:4)
  A quokka skeleton (D:4)
  9 rats
135 creatures vanquished.
